 Dungeon Crawl Stone Soup version 0.28-a0-909-g796cbd3a86 (webtiles) character file.

Game seed: 4094947576670493709

70 Froggeryz the Skirmisher (level 4, -10/26 HPs)
             Began as a Gargoyle Enchanter on Nov 24, 2021.
             Was a Follower of Hepliaklqana.
             Mangled by an ogre (23 damage)
             ... on level 2 of the Dungeon.
             The game lasted 00:02:21 (1491 turns).

Froggeryz the Skirmisher (Gargoyle Enchanter)       Turns: 1491, Time: 00:02:21

Health: -10/26     AC:  5    Str: 13    XL:     4   Next: 22%
Magic:  7/7        EV: 11    Int: 15    God:    Hepliaklqana [*.....]
Gold:   40         SH:  0    Dex: 10    Spells: 7/7 levels left

rFire   . . .      SeeInvis .   a - +2 dagger
rCold   . . .      Faith    .   (no shield)
rNeg    + . .      Spirit   .   b - +0 robe
rPois   ∞          Reflect  .   (no helmet)
rElec   +          Harm     .   (no cloak)
rCorr   .          Rampage  .   (no gloves)
Will    .....                   (no boots)
Stlth   ++........              (no amulet)
HPRegen 0.08/turn               (no ring)
MPRegen 0.10/turn               (no ring)

@: no status effects
A: reduced essence, sickness immunity, AC +3, negative energy resistance 1,
electricity resistance, torment resistance 1, petrification resistance
a: Renounce Religion, Recall Ancestor, Ancestor Identity


You were on level 2 of the Dungeon.
You worshipped Hepliaklqana.
Hepliaklqana was aware of your devotion.
You visited 1 branch of the dungeon, and saw 2 of its levels.

You collected 40 gold pieces.

Inventory:

Hand Weapons
 a - a +2 dagger (weapon)
Armour
 b - a +0 robe (worn)
Scrolls
 g - a scroll of magic mapping {unknown}
 h - a scroll of teleportation
 j - a scroll of identify {unknown}
 k - a scroll of vulnerability {unknown}
Potions
 c - a potion of invisibility
 d - a potion of lignification {unknown}
 e - a potion of haste {unknown}
 f - a potion of brilliance {unknown}
 i - a potion of might {unknown}


   Skills:
 + Level 4.1 Fighting
 - Level 0.8 Short Blades
 - Level 1.5 Dodging
 - Level 3.2 Stealth
 - Level 2.0 Spellcasting
 - Level 2.6 Hexes


You had 7 spell levels left.
You didn't know any spells.
Your spell library contained the following spells:

 Spells                   Type           Power      Damage    Failure   Level
 Ensorcelled Hibernation  Hex/Ice        10%        N/A       19%         2
 Confusing Touch          Hex            9%         N/A       22%         3
 Tukima's Dance           Hex            9%         N/A       22%         3
 Dazzling Flash           Conj/Hex       10%        N/A       36%         3


Dungeon Overview and Level Annotations

Branches:
Dungeon (2/15)

Altars:
Hepliaklqana


Innate Abilities, Weirdness & Mutations

Your life essence is reduced to manifest your ancestor. (-10% HP)
You are immune to sickness and miasma.
Your stone body is resilient. (AC +3)
You are immune to poison.
You resist negative energy. (rN+)
You are resistant to electric shocks. (rElec)
You are resistant to unholy torment.
You are immune to petrification.


Message History

You kill the ball python!
You closely miss the ball python. The ball python misses you. x2
The ball python barely misses you. The ball python closely misses you.
You hit the ball python but do no damage.
The ball python bites you but does no damage.
The ball python closely misses you.
You closely miss the ball python. The ball python completely misses you.
The ball python barely misses you.
You hit the ball python but do no damage.
The ball python closely misses you. The ball python grabs you.
The ball python constricts you.
You closely miss the ball python.
The ball python bites you but does no damage.
The ball python constricts you.
You hit the ball python.
The ball python is moderately wounded.
The ball python barely misses you. The ball python constricts you.
You hit the ball python.
You kill the ball python!
You see here a ball python corpse.
You start resting.
A hobgoblin is nearby!
You hit the hobgoblin.
The hobgoblin is lightly wounded.
The hobgoblin barely misses you.
You hit the hobgoblin but do no damage.
The hobgoblin is lightly wounded.
The hobgoblin hits you.
Nenetl hits the hobgoblin.
You hit the hobgoblin.
You kill the hobgoblin!
k - a scroll labelled LIGREO GYXTI
Things that are here:
25 stones; a hobgoblin corpse You start resting.
An ogre is nearby!
You hit the ogre.
The ogre is heavily wounded.
The ogre hits you with a +0 giant club!!
Ouch! That really hurt!
You die...

#.#.........#
#.#..#.####.#
#.#.......#†#
#.#......##.#
#.#.........#
#.##..#######
#........(..
#.####..###### #.#
#@R# #.# #O.# #.#
#..# #.# #..# #.#
#..#
#.#####.####..#
#.............#
#.#####<####..#
###
#.################


You could see the friendly Nenetl the ancestor and an ogre (ally target).

Vanquished Creatures
  An adder (D:2)
  2 bats (D:1)
  3 endoplasms (D:1)
  3 goblins (D:1)
  7 hobgoblins
  2 quokkas (D:1)
  7 ball pythons
  A frilled lizard (D:1)
  A kobold (D:1)
27 creatures vanquished.

Vanquished Creatures (collateral kills)
  A hound (D:2)
  A hobgoblin (D:2)
2 creatures vanquished.

Vanquished Creatures (others)
  2 ancestors (D:2)
  4 toadstools (D:1)
6 creatures vanquished.

Grand Total: 35 creatures vanquished

Notes
Turn   | Place    | Note
-------+----------+-------------------------------------------
     0 | D:1      | Froggeryz the Gargoyle Enchanter began the quest for the
                  | Orb.
     0 | D:1      | Reached XP level 1. HP: 10/10 MP: 3/3
   253 | D:1      | Reached skill level 1 in Fighting
   336 | D:1      | Reached XP level 2. HP: 10/17 MP: 5/5
   533 | D:1      | Reached skill level 2 in Fighting
   913 | D:1      | Found a faded altar of an unknown god.
   935 | D:1      | Reached XP level 3. HP: 22/22 MP: 6/6
   948 | D:1      | Prayed at the altar of an unknown god.
   948 | D:1      | Became a worshipper of Hepliaklqana the Forgotten
   948 | D:1      | Reached * piety under Hepliaklqana
  1308 | D:2      | Reached skill level 3 in Fighting
  1311 | D:2      | Reached XP level 4. HP: 26/26 MP: 7/7
  1332 | D:2      | Noticed an ogre
  1445 | D:2      | Reached skill level 4 in Fighting
  1491 | D:2      | Mangled by an ogre

Illustrated notes

Levels and vault maps discovered:
D:1:      ldierk_walled_garden_2, layout_loops_ring, basic_ecumenical_altar,
          minmay_misc_feat_iff
D:2:      kb_forest_paths, layout_basic, uniq_jessica

Skill      XL: |  1  2  3  4 |
---------------+-------------+-----
Fighting       | 1 2 3 4 |  4.1
Short Blades   | |  0.8
Dodging        | |  1.5
Stealth        | |  3.2
Spellcasting   | |  2.0
Hexes          | |  2.6

Action                   |  1- 3 |  4- 6 || total
-------------------------+-------+-------++-------
Melee: Dagger            |    80 |    25 ||   105
Invok: Recall Ancestor   |     1 |       ||     1
  Use: Scroll            |     3 |       ||     3
 Stab: Sleeping          |     4 |       ||     4
Armor: Robe              |    24 |     4 ||    28
Dodge: Dodged            |    42 |    30 ||    72

Table legend: (Time is in decaauts)
 A = Elapsed time spent in this place.
 B = Non-inter-level travel time spent in this place.
 C = Inter-level travel time spent in this place.
 D = Time resting spent in this place.
 E = Time spent auto-exploring this place.
 F = Levels seen in this place.
 G = Mean time per level.
                   A        B        C        D        E       F      G
               +--------+--------+--------+--------+--------+-----+--------+
         Total |   1486 |   1471 |     15 |    216 |    910 |   2 |  743.0 |
       Dungeon |   1486 |   1471 |     15 |    216 |    910 |   2 |  743.0 |
               +--------+--------+--------+--------+--------+-----+--------+

Top non-repeatable levels by time:
     D:1: 1250 daAuts
     D:2: 236 daAuts
